 Dungeon Crawl Stone Soup version 0.25-a0-62-g88673ef095 (webtiles) character file.

Game seed: 9628985410534985336, levelgen mode: deterministic

82464 GameOver the Quickloader (level 15, -8/132 HPs)
             Began as a Naga Wizard on Oct 11, 2019.
             Was a High Priest of Okawaru.
             Shot with a bolt by an orc warrior (15 damage)
             ... on level 2 of the Orcish Mines on Oct 30, 2019.
             The game lasted 02:25:04 (17337 turns).

GameOver the Quickloader (Naga Wizard)             Turns: 17337, Time: 02:25:04

Health: -8/132     AC: 13    Str: 10    XL:     15   Next: 73%
Magic:  16/26      EV:  9    Int: 24    God:    Okawaru [*****.]
Gold:   1394       SH:  0    Dex: 10    Spells: 9/29 levels left

rFire    + . .     SeeInvis +   q - +3 arbalest (flame)
rCold    + . .     Gourm    .   (shield currently unavailable)
rNeg     . . .     Faith    .   A - +4 acid dragon scales
rPois    +         Spirit   .   b - +0 hat
rElec    .         Reflect  .   z - scarf {rC+ rF+}
rCorr    +         Harm     .   (no gloves)
MR       ++...                  (no barding)
Stlth    ++++......             Z - amulet of magic regeneration
HPRegen  0.32/turn              M - ring of protection from magic
MPRegen  0.45/turn              (no ring)

@: about to teleport, very slightly contaminated, very slow
A: large, horns 1, see invisible, deformed body, poison resistance, slowness 2,
slow metabolism 1, spit poison 1, constrict 1, AC +5
a: Spit Poison, Heroism, Finesse, Renounce Religion


You were on level 2 of the Orcish Mines.
You worshipped Okawaru.
Okawaru was extremely pleased with you.
You were hungry.

You visited 4 branches of the dungeon, and saw 19 of its levels.
You also visited: Gauntlet and Volcano.

You collected 1685 gold pieces.
You spent 291 gold pieces at shops.

Inventory:

Hand Weapons
 q - a +3 arbalest of flaming (weapon)
 w - a +0 whip of electrocution
Missiles
 j - 208 bolts (quivered)
Armour
 b - a +0 hat (worn)
 z - a scarf of resistance (worn)
 A - +4 acid dragon scales (worn)
Jewellery
 y - a +5 amulet of reflection
 M - a ring of protection from magic (left hand)
 Z - an amulet of magic regeneration (around neck)
Wands
 f - a wand of clouds (5)
 m - a wand of random effects (31)
 t - a wand of polymorph (27)
 E - a wand of iceblast (17)
 P - a wand of digging (5)
 S - a wand of disintegration (10)
 T - a wand of paralysis (3)
 V - a wand of scattershot (5)
Scrolls
 a - a scroll of enchant armour
 k - 3 scrolls of fear
 n - a scroll of teleportation
 p - 4 scrolls of fog
 s - 4 scrolls of magic mapping
 v - a scroll of remove curse
 D - 5 scrolls of identify
 I - 4 scrolls of immolation
 N - 2 scrolls of blinking
 Q - 2 scrolls of holy word
Potions
 c - a potion of flight
 e - 5 potions of haste
 h - a potion of resistance
 l - 9 potions of curing
 o - 2 potions of agility
 B - 2 potions of might
 C - a potion of magic
 H - 2 potions of ambrosia
 R - a potion of cancellation
 U - 4 potions of brilliance
Comestibles
 d - 45 rations


   Skills:
 + Level 7.9 Fighting
   Level 3.2(6.3) Axes
 - Level 8.6(8.9) Maces & Flails
 + Level 13.6 Crossbows
 - Level 6.0 Armour
 - Level 1.5 Dodging
 + Level 11.5 Stealth
 + Level 7.5 Spellcasting
 - Level 6.0 Conjurations
 - Level 6.0 Hexes
   Level 1.0 Summonings
 - Level 6.1 Translocations
 - Level 6.0 Poison Magic
 - Level 6.0 Invocations


You had 9 spell levels left.
You knew the following spells:

 Your Spells              Type           Power        Failure   Level  Hunger
a - Magic Dart            Conj           ####         1%          1    None
b - Blink                 Tloc           N/A          1%          2    None
c - Confuse               Hex            #####...     2%          3    None
d - Mephitic Cloud        Conj/Pois/Air  ####....     6%          3    None
f - Conjure Flame         Conj/Fire      ###.....     9%          3    None
p - Apportation           Tloc           #####.       1%          1    None
q - Fulminant Prism       Conj/Hex       #####.....   9%          4    ###....
C - Gell's Gravitas       Tloc           #####.....   2%          3    None

Your spell library contained the following spells:

 Spells                   Type           Power        Failure   Level  Hunger
 Confusing Touch          Hex            #####.       1%          1    None
 Searing Ray              Conj           #####.       1%          2    None
 Slow                     Hex            #####...     1%          2    None
 Dazzling Spray           Conj/Hex       #####.       2%          3    None
 Flame Tongue             Conj/Fire      ###..        3%          1    None
 Ensorcelled Hibernation  Hex/Ice        ###...       4%          2    None
 Throw Flame              Conj/Fire      ###...       4%          2    None
 Summon Small Mammal      Summ           ##..         7%          1    None
 Inner Flame              Hex/Fire       ###.....     9%          3    None
 Force Lance              Conj/Tloc      #####...     9%          4    ###....
 Iskenderun's Mystic Bla  Conj           #####...     9%          4    ###....
 Animate Skeleton         Necr           N/A          11%         1    None
 Call Imp                 Summ           ##......     11%         2    None
 Corpse Rot               Necr           N/A          16%         2    None
 Sublimation of Blood     Necr           #.........   16%         2    None
 Sticky Flame             Conj/Fire      ###.....     30%         4    ###....
 Bolt of Draining         Conj/Necr      ###.......   63%         5    #####..
 Fireball                 Conj/Fire      ###.......   63%         5    #####..
 Metabolic Englaciation   Hex/Ice        ###.......   63%         5    #####..
 Silence                  Hex/Air        ###.......   63%         5    #####..
 Yara's Violent Unravell  Hex/Tmut       ###.......   63%         5    #####..
 Ice Form                 Ice/Tmut       #.......     71%         4    ###....
 Petrify                  Tmut/Erth      #.......     71%         4    ###....
 Darkness                 Hex            #####.....   80%         6    ######.
 Poison Arrow             Conj/Pois      #####.....   80%         6    ######.
 Agony                    Necr           #.......     96%         5    #####..
 Borgnjor's Vile Clutch   Necr/Erth      #.........   96%         5    #####..
 Dispel Undead            Necr           #.......     96%         5    #####..
 Excruciating Wounds      Chrm/Necr      #.........   96%         5    #####..
 Bolt of Cold             Conj/Ice       ###.......   99%         6    ######.
 Freezing Cloud           Conj/Ice/Air   ###.......   100%        6    ######.
 Ozocubu's Refrigeration  Ice            #.........   100%        6    ######.
 Shadow Creatures         Summ           N/A          100%        6    ######.
 Simulacrum               Ice/Necr       #.........   100%        6    ######.
 Chain Lightning          Conj/Air       ###.......   100%        8    #######
 Lehudib's Crystal Spear  Conj/Erth      ###.......   100%        8    #######
 Fire Storm               Conj/Fire      ###.......   100%        9    #######
 Glaciate                 Conj/Ice       ###.......   100%        9    #######


Dungeon Overview and Level Annotations

Branches:
Dungeon (10/15)            Temple (1/1) D:4            Lair (6/6) D:9
 Shoals (0/4) Lair:2        Snake (0/4) Lair:4        Slime (0/5) Lair:5
    Orc (2/2) D:10        Volcano (visited)         Gauntlet (visited)
    Elf: Orc:2

Altars:
Ashenzari
Cheibriados
Dithmenos
Elyvilon
Fedhas
Gozag
Hepliaklqana
Kikubaaqudgha
Makhleb
Nemelex Xobeh
Okawaru
Qazlal
Ru
Sif Muna
Trog
Uskayaw
Vehumet
Wu Jian
Xom
Yredelemnul
Zin
The Shining One
Jiyva

Shops:
Orc:2 ?

Annotations:
Lair:3 exclusion: 2 oklob plants
Lair:5 1 transporter, Pyiniag's ghost, journeyman VSWn


Innate Abilities, Weirdness & Mutations

You cannot wear boots.
Your serpentine skin is tough. (AC +5)
You have supernaturally acute eyesight. (SInv)
Armour fits poorly on your strangely shaped body.
Your system is resistant to poisons. (rPois)
You cover ground very slowly.
You have a slow metabolism.
You can spit poison.
You can use your snake-like lower body to constrict enemies.
You have a pair of small horns on your head.


Message History

* * * LOW HITPOINT WARNING * * *
Okay, then.
As you read the scroll of teleportation, it crumbles to dust.
You feel strangely unstable.
The centaur shoots an arrow.
The arrow barely misses you.
The centaur shoots an arrow.
The arrow barely misses you.
The centaur shoots an arrow.
The arrow closely misses you.
The orc shoots a bolt.
The bolt barely misses you.
The centaur shoots an arrow.
The arrow hits you.
* * * LOW HITPOINT WARNING * * *
The centaur shoots an arrow.
The arrow hits you!
* * * LOW HITPOINT WARNING * * *
Unknown command.
You feel better.
The centaur shoots an arrow.
The arrow hits you but does no damage.
The centaur shoots an arrow.
The arrow hits you!
* * * LOW HITPOINT WARNING * * *
An orc warrior comes into view. It is wielding a +0 glaive.
The centaur shoots an arrow.
The arrow hits you but does no damage.
The orc warrior shoots a bolt.
The bolt hits you!
You die... .....c...... oo( .......cooo .oo

#.....≈≈≈≈## #≈≈
.#......≈≈≈≈###
≈≈≈
..........≈≈≈≈##
≈≈.
#..........≈≈≈#
≈...
#.....(..c.≈≈#
....
..##.c##((##...#
.##.
.....c.@........
....
....(...((.(....
....
..##############
#### # ## ##.
#..


You could see 2 orc warriors, 4 centaurs and an orc.

Vanquished Creatures
  An orc warlord (Orc:2)
  A red draconian (Volcano)
  A minotaur (Gauntlet)
  A fire dragon (Lair:6)
  3 hydras
  A catoblepas (Lair:5)
  A two-headed ogre (D:9)
  A centaur warrior (Volcano)
  2 death yaks (Lair:6)
  A wretched star (Gauntlet)
  An unseen horror (D:10)
  A lindwurm (Lair:6)
  Pikel (D:4)
  An orc knight (Orc:2)
  An oklob plant (Gauntlet)
  Joseph (D:9)
  6 molten gargoyles
  11 black mambas
  2 torpor snails
  An ice statue (Lair:3)
  14 spiny frogs
  A kobold demonologist (D:8)
  14 komodo dragons
  A yaktaur (Volcano)
  An ice devil (Lair:3)
  6 rime drakes (Lair:5)
  5 polar bears
  A hornet (D:10)
  A troll (Orc:1)
  10 hippogriffs
  A raiju (Gauntlet)
  7 dream sheep (Lair:6)
  23 blink frogs
  Sigmund (D:2)
  16 yaks
  18 wyverns
  A neqoxec (Gauntlet)
  2 fire bats (Volcano)
  8 basilisks
  2 acid dragons (Gauntlet)
  7 nagas (Lair:4)
  3 steam dragons
  2 wargs
  6 hell hounds
  9 water moccasins
  8 porcupines
  2 slaves (D:4)
  A phantom (D:8)
  16 orc warriors
  10 ice beasts
  9 ogres
  3 wolves (Lair:3)
  A sky beast (D:6)
  13 centaurs
  8 crocodiles
  10 big kobolds
  16 bullfrogs
  A small abomination (Gauntlet)
  A water moccasin skeleton (D:5)
  A wyvern skeleton (D:10)
  4 scorpions
  5 killer bees (D:10)
  3 wights (D:8)
  2 electric eels (Lair:1)
  2 howler monkeys (D:7)
  3 bullfrog zombies
  5 hounds
  9 lava snakes
  6 crimson imps
  9 orc priests
  2 jellies
  3 iron imps (D:4)
  11 orc wizards
  A centaur skeleton (D:8)
  Ijyb (D:4)
  Jessica (D:2)
  An iguana (D:6)
  11 worker ants
  2 hound skeletons
  2 worker ant zombies
  Robin (D:3)
  A howler monkey skeleton (D:7)
  10 adders
  A shadow imp (D:10)
  3 oozes
  4 adder skeletons
  4 adder zombies
  4 worms
  6 leopard geckos
  46 orcs
  12 goblins
  8 hobgoblins
  13 jackals
  13 kobolds
  7 quokkas
  3 bats
  4 frilled lizards
  A giant cockroach zombie (D:5)
  A jackal zombie (D:7)
  20 rats
  A bush (Lair:5)
  A fulminant prism (Gauntlet)
  2 plants
548 creatures vanquished.

Vanquished Creatures (others)
  A lava snake (Lair:6)
  A bush (Lair:4)
  3 demonic plants (Gauntlet)
  A fulminant prism (Gauntlet)
  20 fungi
  31 plants
57 creatures vanquished.

Grand Total: 605 creatures vanquished

Notes
Turn   | Place    | Note
-------+----------+-------------------------------------------
     0 | D:1      | GameOver the Naga Wizard began the quest for the Orb.
     0 | D:1      | Reached XP level 1. HP: 15/15 MP: 4/4
    92 | D:1      | Reached XP level 2. HP: 21/22 MP: 4/6
   475 | D:2      | Reached XP level 3. HP: 28/28 MP: 4/7
   479 | D:2      | Learned a level 2 spell: Blink
   483 | D:2      | Learned a level 3 spell: Mephitic Cloud
   675 | D:2      | Noticed Jessica
   692 | D:2      | Killed Jessica
   692 | D:2      | Reached XP level 4. HP: 19/36 MP: 1/8
   783 | D:2      | Noticed Sigmund
  1031 | D:2      | Killed Sigmund
  1031 | D:2      | Reached skill level 5 in Conjurations
  1031 | D:2      | Reached XP level 5. HP: 25/42 MP: 4/9
  1031 | D:2      | Reached XP level 6. HP: 29/49 MP: 4/10
  1353 | D:3      | Noticed Robin
  1372 | D:3      | Killed Robin
  1964 | D:4      | Reached skill level 1 in Fighting
  1964 | D:4      | Reached skill level 1 in Crossbows
  1984 | D:4      | Found a bloodstained altar of Trog.
  1986 | D:4      | Found a hide-covered altar of Uskayaw.
  2141 | D:4      | Reached skill level 1 in Axes
  2142 | D:4      | Found a staircase to the Ecumenical Temple.
  2174 | Temple   | Entered the Ecumenical Temple
  2266 | Temple   | Became a worshipper of Warmaster Okawaru
  2414 | D:4      | Noticed Ijyb
  2424 | D:4      | Killed Ijyb
  2479 | D:4      | Found a glowing golden altar of the Shining One.
  2511 | D:4      | Found a burning altar of Makhleb.
  2520 | D:4      | Reached skill level 2 in Crossbows
  2520 | D:4      | Reached XP level 7. HP: 57/57 MP: 11/11
  2618 | D:4      | Found an opulent altar of Gozag.
  2699 | D:4      | Noticed Pikel
  2754 | D:4      | Killed Pikel
  2754 | D:4      | Reached * piety under Okawaru
  2754 | D:4      | Reached skill level 4 in Crossbows
  2754 | D:4      | Reached XP level 8. HP: 35/69 MP: 4/12
  2786 | D:4      | Found a shadowy altar of Dithmenos.
  2892 | D:5      | Entered Level 5 of the Dungeon
  2954 | D:5      | Found a radiant altar of Vehumet.
  3123 | D:5      | Reached skill level 1 in Maces & Flails
  3326 | D:5      | Reached skill level 1 in Invocations
  3477 | D:6      | Reached skill level 5 in Crossbows
  3481 | D:6      | Reached ** piety under Okawaru
  3662 | D:6      | Reached XP level 9. HP: 67/78 MP: 13/13
  3673 | D:6      | Learned a level 3 spell: Conjure Flame
  3915 | D:7      | Reached skill level 6 in Crossbows
  4058 | D:7      | Reached skill level 5 in Fighting
  4106 | D:7      | Reached *** piety under Okawaru
  4594 | D:8      | Noticed a kobold demonologist
  4604 | D:8      | Reached skill level 5 in Invocations
  4609 | D:8      | Killed a kobold demonologist
  4609 | D:8      | Reached skill level 5 in Maces & Flails
  4613 | D:8      | Reached XP level 10. HP: 68/91 MP: 5/14
  4620 | D:8      | Reached **** piety under Okawaru
  5604 | D:9      | Noticed Joseph
  5635 | D:9      | Killed Joseph
  5635 | D:9      | Received a gift from Okawaru
  5796 | D:9      | Found a staircase to the Lair.
  5891 | D:9      | Noticed a two-headed ogre
  5893 | D:9      | Killed a two-headed ogre
  5962 | D:9      | Found an ornate altar of the Wu Jian Council.
  5979 | D:9      | Found a sacrificial altar of Ru.
  5982 | D:9      | Found a snail-covered altar of Cheibriados.
  6160 | D:10     | Entered Level 10 of the Dungeon
  6249 | D:10     | Received a gift from Okawaru
  6298 | D:10     | Reached skill level 1 in Poison Magic
  6407 | D:10     | Reached ***** piety under Okawaru
  6621 | D:10     | Reached skill level 5 in Stealth
  6621 | D:10     | Reached XP level 11. HP: 97/97 MP: 9/16
  6679 | D:10     | Received a gift from Okawaru
  6702 | D:10     | Found a staircase to the Orcish Mines.
  6947 | D:10     | Noticed an unseen horror
  6961 | D:10     | Killed an unseen horror
  6993 | D:10     | Learned a level 4 spell: Fulminant Prism
  7134 | Lair:1   | Entered Level 1 of the Lair of Beasts
  7149 | Lair:1   | Received a gift from Okawaru
  7605 | Lair:1   | Reached skill level 5 in Poison Magic
  8266 | Lair:2   | Reached skill level 5 in Spellcasting
  8520 | Lair:2   | Reached skill level 7 in Crossbows
  8579 | Lair:2   | Found a staircase to the Shoals.
  9152 | Lair:3   | Reached skill level 5 in Translocations
  9174 | Lair:3   | Noticed an oklob plant
  9174 | Lair:3   | Noticed an oklob plant
  9185 | Lair:3   | Reached XP level 12. HP: 37/105 MP: 13/20
  9200 | Lair:3   | Found a gate leading to a gauntlet.
  9205 | Lair:3   | You fall into a shaft and drop 1 floor!
  9215 | Lair:4   | Upgraded the game from 0.24-a0-809-g71cb82dfb8 to
                  | 0.25-a0-35-g747a2b3c0c
  9235 | Lair:4   | Got a smoking short sword
  9236 | Lair:4   | Identified the cursed +0 short sword of the Empty Page
                  | {protect, Fragile rPois rC+ rN++} (You found it on level 4
                  | of the Lair of Beasts)
  9334 | Lair:4   | Received a gift from Okawaru
  9449 | Gauntlet | Entered a Gauntlet
  9449 | Gauntlet | Found a transporter.
  9449 | Gauntlet | Found a transporter.
  9449 | Gauntlet | Found a transporter.
  9449 | Gauntlet | Noticed a tengu warrior
  9470 | Gauntlet | Found a transporter.
  9480 | Gauntlet | Found a transporter.
  9484 | Gauntlet | Found a transporter.
  9493 | Gauntlet | Noticed a wretched star
  9494 | Gauntlet | Found a transporter.
  9515 | Gauntlet | Found a transporter.
  9515 | Gauntlet | Noticed a balrug
  9532 | Gauntlet | Found a transporter.
  9536 | Gauntlet | Found a transporter.
  9549 | Gauntlet | Found a transporter.
  9553 | Gauntlet | Found a transporter.
  9661 | Gauntlet | Learned a level 3 spell: Gell's Gravitas
  9705 | Gauntlet | Gained mutation: You do not regenerate when monsters are
                  | visible. [potion of mutation]
  9705 | Gauntlet | Gained mutation: Your movements are slightly less
                  | encumbered by armour. (ER -2) [potion of mutation]
  9855 | Gauntlet | Reached skill level 1 in Hexes
 10183 | Gauntlet | Killed a wretched star
 10318 | Gauntlet | Lost mutation: Your movements are slightly less encumbered
                  | by armour. (ER -2) [potion of mutation]
 10318 | Gauntlet | Lost mutation: You do not regenerate when monsters are
                  | visible. [potion of mutation]
 10318 | Gauntlet | Gained mutation: You have a pair of small horns on your
                  | head. [potion of mutation]
 10425 | Gauntlet | Noticed a minotaur
 10439 | Gauntlet | Killed a minotaur
 10439 | Gauntlet | Reached skill level 8 in Crossbows
 10439 | Gauntlet | Reached skill level 1 in Armour
 10465 | Gauntlet | Got a transparent shortbow
 10558 | Lair:3   | Received a gift from Okawaru
 10673 | Lair:3   | Received a gift from Okawaru
 10922 | Lair:3   | Learned a level 3 spell: Confuse
 10996 | Lair:3   | Received a gift from Okawaru
 11087 | Lair:3   | Got a bronze leather armour
 11134 | Lair:3   | Received a gift from Okawaru
 11474 | Lair:4   | Gained mutation: You can use your snake-like lower body to
                  | constrict enemies. [Naga growth]
 11474 | Lair:4   | Reached XP level 13. HP: 111/111 MP: 15/22
 11550 | Lair:4   | Reached skill level 5 in Armour
 11550 | Lair:4   | Reached skill level 5 in Hexes
 11623 | Lair:4   | Received a gift from Okawaru
 11624 | Lair:4   | Reached skill level 9 in Crossbows
 11690 | Lair:4   | Found a staircase to the Snake Pit.
 11907 | Lair:4   | Learned a level 1 spell: Apportation
 12042 | Lair:4   | Upgraded the game from 0.25-a0-35-g747a2b3c0c to
                  | 0.25-a0-36-g303dd5b1f4
 12528 | Lair:5   | Found a transporter.
 12528 | Lair:5   | Found a transporter.
 12539 | Lair:5   | Noticed Pyiniag's ghost (journeyman VSWn)
 12543 | Lair:5   | Found a viscous altar of Jiyva.
 12543 | Lair:5   | Found a staircase to the Slime Pits.
 12861 | Lair:5   | Reached skill level 10 in Crossbows
 12862 | Lair:5   | Received a gift from Okawaru
 12888 | Lair:5   | Received a gift from Okawaru
 13532 | Lair:5   | Reached skill level 11 in Crossbows
 13652 | Lair:6   | Entered Level 6 of the Lair of Beasts
 13656 | Lair:6   | Upgraded the game from 0.25-a0-36-g303dd5b1f4 to
                  | 0.25-a0-50-gf0389da217
 13912 | Lair:6   | Received a gift from Okawaru
 14025 | Lair:6   | HP: 3/111 [wyvern (12)]
 14032 | Lair:6   | HP: 5/111 [hell hound (2)]
 14199 | Lair:6   | Reached XP level 14. HP: 93/120 MP: 23/23
 14207 | Lair:6   | Reached skill level 12 in Crossbows
 14208 | Lair:6   | Identified the cursed +0 leather armour "Latakid" {MP+9}
                  | (You found it on level 3 of the Lair of Beasts)
 14353 | Lair:6   | Received a gift from Okawaru
 14354 | Lair:6   | Got a steaming naga barding {god gift}
 14360 | Lair:6   | Identified the +2 naga barding of Dofioh {rF- Int-5 Dex+7}
                  | (Okawaru gifted it to you on level 6 of the Lair of Beasts)
 14505 | Lair:5   | HP: 4/121 [molten gargoyle/+0 morningstar (4)]
 14636 | Lair:6   | Reached skill level 10 in Stealth
 14824 | Lair:6   | Upgraded the game from 0.25-a0-50-gf0389da217 to
                  | 0.25-a0-58-g9dd530fc12
 14882 | Lair:6   | Found a large runed translucent door.
 14922 | Lair:6   | Found a large runed translucent door.
 15630 | Lair:6   | Upgraded the game from 0.25-a0-58-g9dd530fc12 to
                  | 0.25-a0-62-g88673ef095
 15854 | Orc:1    | Entered Level 1 of the Orcish Mines
 15976 | Orc:1    | Found a dark tunnel.
 15984 | Volcano  | Entered a volcano
 16218 | Volcano  | Found a radiant altar of Vehumet.
 16224 | Volcano  | Noticed a red draconian
 16242 | Volcano  | Killed a red draconian
 16421 | Orc:1    | Reached skill level 13 in Crossbows
 16421 | Orc:1    | Reached XP level 15. HP: 93/130 MP: 25/25
 16795 | Orc:2    | Entered Level 2 of the Orcish Mines
 16956 | Orc:2    | Noticed an orc warlord
 17022 | Orc:2    | Killed an orc warlord
 17147 | Orc:2    | Found Gitaup's Magic Scroll Shop.
 17262 | Orc:2    | Bought a scroll of blinking for 97 gold pieces
 17262 | Orc:2    | Bought a scroll of blinking for 97 gold pieces
 17262 | Orc:2    | Bought a scroll of enchant armour for 97 gold pieces
 17334 | Orc:2    | HP: 1/132 [centaur/arrow (11)]
 17337 | Orc:2    | Shot with a bolt by an orc warrior

Levels and vault maps discovered:
D:1:      tarquinn_simple_flora_water_d, layout_basic
D:2:      layout_basic, uniq_sigmund, uniq_jessica
D:3:      layout_loops_ring, minmay_rat_hole, uniq_robin
D:4:      layout_basic, chequers_temple_overflow_statue_of_worship,
          tso_oasis_becter, demons_altar, nicolae_dithmenos_the_darkroom,
          minmay_temple_entry_stoned_glass, first_ration,
          nicolae_gozag_cash_rules_everything_around_me, uniq_ijyb, uniq_pikel
D:5:      layout_cave_pools, vehumet_crystals, kennysheep_cluttered_room
D:6:      minmay_diamond_boxcup, layout_rooms
D:7:      layout_cave_pools
D:8:      layout_cave_pods, special_room [special_room_kobold]
D:9:      layout_small_grid, kennysheep_mini, minitemple, lair_entry_dummy,
          uniq_joseph
D:10:     layout_loops_ring, orc_0_dummy, grunt_ogre_cave, kennysheep_dice
Temple:   dshaligram_water_room_temple
Lair:1:   layout_hall_layers, disabler_island
Lair:2:   layout_roguey, minmay_shoals_entry_centaurs, st_stairs_10,
          infiniplex_staircase_pool_2
Lair:3:   layout_chaotic_city, gauntlet_entry_generic, ice2_lemuel,
          minmay_lair_oklob_chamber
Lair:4:   layout_roguey, minmay_snake_entry_guardpost_medium
Lair:5:   layout_roguey [special_room_mythical_zoo], slime_altar_1,
          gammafunk_ghost_hive, beast_lair_carwin_11, grunt_megastairs_4
Lair:6:   cheibrodos_lair_end_hotspot, layout_gridlike, lemuel_fruit_tree
Orc:1:    layout_caves, lightli_volcano_entry_magma_tube
Orc:2:    st_orc_rangers, layout_diamond_mine, serial_shops, shop

Skill      XL: |  1  2  3  4  5  6  7  8  9 10 11 12 13 14 |
---------------+-------------------------------------------+-----
Conjurations   | 2 3 5 6 |  6.0
Fighting       | 1 3 4 6 7 |  7.9
Crossbows      | 2 4 5 6 7 8 11 13 | 13.6
Axes           | 1 3 |  3.2
Maces & Flails | 2 5 8 |  8.6
Invocations    | 2 5 6 |  6.0
Poison Magic   | 3 6 |  6.0
Stealth        | 5 8 9 11 | 11.5
Translocations | 2 5 6 |  6.1
Spellcasting   | 5 6 7 |  7.5
Hexes          | 4 6 |  6.0
Armour         | 4 6 |  6.0
Dodging        | |  1.5
Summonings     | |  1.0

Action                   |  1- 3 |  4- 6 |  7- 9 | 10-12 | 13-15 || total
-------------------------+-------+-------+-------+-------+-------++-------
Melee: Hand axe          |     1 |    37 |    16 |     9 |       ||    63
       Whip              |       |       |    22 |    46 |    19 ||    87
       Headbutt          |       |       |       |       |     1 ||     1
 Fire: Arbalest          |       |    10 |   170 |   488 |   660 ||  1328
 Cast: Magic Dart        |    16 |    43 |    18 |     8 |       ||    85
       Mephitic Cloud    |       |     6 |    19 |    53 |    59 ||   137
       Blink             |       |       |     2 |    28 |    57 ||    87
       Conjure Flame     |       |       |       |    36 |     8 ||    44
       Confuse           |       |       |       |     2 |    94 ||    96
       Fulminant Prism   |       |       |       |     2 |       ||     2
Invok: Heroism           |       |       |       |     6 |     8 ||    14
       Finesse           |       |       |       |     3 |     2 ||     5
 Abil: Spit Poison       |    23 |    46 |    42 |    90 |    47 ||   248
Evoke: Wand              |       |       |       |     7 |     5 ||    12
  Use: Scroll            |       |     4 |     7 |    24 |    13 ||    48
       Potion            |       |       |       |     8 |    11 ||    19
 Stab: Confused          |       |     1 |     1 |     4 |       ||     6
       Sleeping          |       |       |     1 |       |       ||     1
       Distracted        |       |       |       |     1 |       ||     1
  Eat: Chunk             |       |     9 |    10 |    32 |    19 ||    70
       Ration            |       |       |       |     1 |       ||     1
Armor: Robe              |     2 |     1 |     2 |    34 |       ||    39
       Animal skin       |       |     6 |    42 |       |       ||    48
       Skin              |       |       |    13 |     2 |       ||    15
       Acid dragon scale |       |       |       |    10 |   133 ||   143
Dodge: Dodged            |     7 |    23 |    91 |   125 |   146 ||   392
Block: Other             |       |       |     6 |    33 |       ||    39
       Reflection        |       |       |     2 |       |       ||     2

Table legend:
 A = Non-vault XP
 B = Vault XP
 C = Vault XP percentage of total XP
 D = Non-vault monster count
 E = Vault monster count
 F = Vault count percentage of total count
                 A         B        C        D         E       F
            +---------+---------+-------+---------+---------+-------
      Total |   45574 |   33532 |  42.4 |     365 |     178 |  32.8
            +---------+---------+-------+---------+---------+-------
        D:1 |      26 |       0 |   0.0 |      14 |       0 |   0.0
        D:2 |      61 |     264 |  81.2 |      18 |       2 |  10.0
        D:3 |      20 |      57 |  74.0 |       7 |      31 |  81.6
        D:4 |     304 |     712 |  70.1 |       9 |       5 |  35.7
        D:5 |     359 |       0 |   0.0 |      19 |       0 |   0.0
        D:6 |     642 |     221 |  25.6 |      21 |       5 |  19.2
        D:7 |    1106 |       0 |   0.0 |      32 |       0 |   0.0
        D:8 |    1020 |    1215 |  54.4 |      20 |      15 |  42.9
        D:9 |    1086 |     445 |  29.1 |      11 |       1 |   8.3
       D:10 |    2844 |     122 |   4.1 |      34 |       1 |   2.9
     Lair:1 |    3659 |     389 |   9.6 |      19 |       4 |  17.4
     Lair:2 |    2363 |     611 |  20.5 |      13 |       5 |  27.8
     Lair:3 |    6723 |    2651 |  28.3 |      27 |      13 |  32.5
     Lair:4 |    5087 |    1141 |  18.3 |      18 |       7 |  28.0
     Lair:5 |    3575 |    9061 |  71.7 |      12 |      34 |  73.9
     Lair:6 |   11276 |    8796 |  43.8 |      36 |      27 |  42.9
      Orc:1 |    1873 |       0 |   0.0 |      34 |       0 |   0.0
      Orc:2 |    3550 |     447 |  11.2 |      21 |       4 |  16.0
    Volcano |       0 |    3826 | 100.0 |       0 |      15 | 100.0
   Gauntlet |       0 |    3574 | 100.0 |       0 |       9 | 100.0
            +---------+---------+-------+---------+---------+-------
